 Dungeon Crawl Stone Soup version 0.30-a0-919-g9323dee000 (webtiles) character file.

Game seed: 6152851329796245525

59 112233 the Vexing (level 4, 0/29 HPs)
             Began as an Octopode Hexslinger on Mar 21, 2023.
             Succumbed to an adder's poison
             ... on level 2 of the Dungeon.
             The game lasted 00:01:34 (648 turns).

112233 the Vexing (Octopode Hexslinger)              Turns: 648, Time: 00:01:35

Health: 0/29       AC:  1    Str:  9    XL:     4   Next: 3%
Magic:  6/6        EV: 13    Int: 21    God:
Gold:   107        SH:  0    Dex: 14    Spells: 5/6 levels left

rFire   . . .      SeeInvis .    a - +1 sling
rCold   . . .      Faith    .    (no shield)
rNeg    . . .      Spirit   .    (helmet restricted)
rPois   .          Reflect  .    (no amulet)
rElec   .          Rampage  .    e - +6 ring of intelligence
rCorr   .                        (no ring)
Will    .....                    (no ring)
Stlth   ++                       (no ring)
HPRegen 0.24/turn                (no ring)
MPRegen 0.10/turn                (no ring)
                                 (no ring)
                                 (no ring)

@: mighty, lethally poisoned (0 -> -2), attractive
A: almost no armour, amphibious, 8 rings, camouflage 1, gelatinous body 1,
(nimble swimmer 1), tentacles
a: no special abilities


You were on level 2 of the Dungeon.
You visited 1 branch of the dungeon, and saw 2 of its levels.

You collected 107 gold pieces.

Inventory:

Hand Weapons
 a - a +1 sling (weapon)
 j - a +2 dagger of flaming
Jewellery
 e - a +6 ring of intelligence (left tentacle)
Scrolls
 b - a scroll of poison
 c - a scroll of identify
Potions
 i - a potion of attraction


   Skills:
 + Level 1.7 Fighting
 + Level 2.5 Ranged Weapons
 + Level 2.5 Dodging
 + Level 1.6 Spellcasting
 + Level 3.4 Hexes


You had 5 spell levels left.
You knew the following spells:

 Your Spells              Type           Power      Damage    Failure   Level
a - Slow                  Hex            64%        N/A       3%          1

Your spell library contained the following spells:

 Spells                   Type           Power      Damage    Failure   Level
 Inner Flame              Hex/Fire       8%         N/A       22%         3
 Portal Projectile        Hex/Tloc       16%        N/A       22%         3
 Cause Fear               Hex            8%         N/A       36%         4


Dungeon Overview and Level Annotations

Branches:
Dungeon (2/15)

Altars:


Innate Abilities, Weirdness & Mutations

You cannot wear most types of armour.
You are amphibious.
You can wear up to eight rings at the same time.
Your skin changes colour to match your surroundings (Stealth+).
Your rubbery body absorbs attacks. (AC +1, EV +1)
((You are camouflaged when in or above water. (Stealth+)))
You have tentacles for arms and can constrict up to eight enemies at once.


Message History

The adder bites you.
You are poisoned.
The adder poisons you!
You have reached level 4!
You shoot a sling bullet.
The sling bullet barely misses the adder.
The sling bullet barely misses the rat.
The sling bullet hits the hobgoblin.
The hobgoblin is lightly wounded.
You feel sick. The adder bites you. x2
Unknown command.
You shoot a sling bullet.
The sling bullet closely misses the adder.
The sling bullet barely misses the rat.
The sling bullet closely misses the hobgoblin.
You feel sick. The adder bites you.
You are lethally poisoned!
The adder poisons you!
You shoot a sling bullet.
The sling bullet barely misses the adder.
The sling bullet hits the rat.
You kill the rat!
* * * LOW HITPOINT WARNING * * *
You feel sick. The adder barely misses you. The adder misses you.
Okay, then.
As you read the scroll labelled XAZXIS CYAHA, it crumbles to dust.
It is a scroll of identify.
You don't currently have any unidentified items.
* * * LOW HITPOINT WARNING * * *
You feel sick. The adder bites you.
* * * LOW HITPOINT WARNING * * *
The adder attacks as you move away! The adder completely misses you.
* * * LOW HITPOINT WARNING * * *
You feel sick. The adder bites you but does no damage.
Unknown command.
* * * LOW HITPOINT WARNING * * *
You feel sick. The dart slug is attracted toward you.
Unknown command.
* * * LOW HITPOINT WARNING * * *
You feel sick. The dart slug is attracted toward you.
You die...

#.##.#.#######.#
##.##.#.#.......#
#..##.#.#.#######
######[r##...#.#
........# ###.#
........# #.#
........# #.#
........######.#
.......†§§wgS.@#
.......#########
#..[... ....###
..## ..


You could see an adder, a dart slug and a hobgoblin.

Vanquished Creatures
  A howler monkey (D:2)
  A worm (D:2)
  A dart slug (D:1)
  3 bats
  A giant cockroach (D:2)
  3 goblins
  A hobgoblin (D:1)
  2 kobolds (D:1)
  3 quokkas
  2 frilled lizards (D:1)
  2 rats
20 creatures vanquished.

Notes
Turn   | Place    | Note
-------+----------+-------------------------------------------
     0 | D:1      | 112233 the Octopode Hexslinger began the quest for the Orb.
     0 | D:1      | Reached XP level 1. HP: 13/13 MP: 2/2
   263 | D:1      | Reached XP level 2. HP: 18/18 MP: 3/3
   410 | D:2      | Noticed a howler monkey
   628 | D:2      | Reached XP level 3. HP: 17/23 MP: 5/5
   641 | D:2      | Reached XP level 4. HP: 17/29 MP: 6/6
   647 | D:2      | HP: 1/29 [poisoned by an adder]
   648 | D:2      | Succumbed to an adder's poison

Illustrated notes

Levels and vault maps discovered:
D:1:      minmay_arrival_wavy_path, layout_rooms
D:2:      layout_basic, minmay_tiny_reverse_x

Action                     |  1- 3 |  4- 6 || total
---------------------------+-------+-------++-------
   Fire: Sling             |    79 |     3 ||    82
   Cast: Slow              |    10 |       ||    10
    Use: Potion            |     5 |       ||     5
         Scroll            |       |     1 ||     1
 Armour: Skin              |     5 |     1 ||     6
  Dodge: Dodged            |    41 |     3 ||    44

Table legend: (Time is in decaauts)
 A = Elapsed time spent in this place.
 B = Non-inter-level travel time spent in this place.
 C = Inter-level travel time spent in this place.
 D = Time resting spent in this place.
 E = Time spent auto-exploring this place.
 F = Levels seen in this place.
 G = Mean time per level.
                   A        B        C        D        E       F      G
               +--------+--------+--------+--------+--------+-----+--------+
         Total |    671 |    624 |     47 |      9 |    416 |   2 |  335.5 |
       Dungeon |    671 |    624 |     47 |      9 |    416 |   2 |  335.5 |
               +--------+--------+--------+--------+--------+-----+--------+

Top non-repeatable levels by time:
     D:1: 443 daAuts
     D:2: 227 daAuts
